 Dungeon Crawl Stone Soup version 0.25.0-9-g26727b657a (webtiles) character file.

Game seed: 17710651338150887158

130538 mopl the Warrior (level 17, -10/113 HPs)
             Began as a Tengu Necromancer on June 18, 2020.
             Was the Champion of Kikubaaqudgha.
             Mangled by a white ugly thing (33 damage)
             ... on level 14 of the Dungeon.
             The game lasted 01:20:24 (33657 turns).

mopl the Warrior (Tengu Necromancer)               Turns: 33657, Time: 01:20:26

Health: -10/113    AC: 18    Str: 15    XL:     17   Next: 8%
Magic:  2/25       EV: 14    Int: 17    God:    Kikubaaqudgha [******]
Gold:   2156       SH: 11    Dex: 17    Spells: 6/26 levels left

rFire    + . .     SeeInvis .   a - +5 broad axe (pain)
rCold    . . .     Gourm    .   m - +0 kite shield {rF+}
rNeg     . . .     Faith    .   u - +4 chain mail {MR+}
rPois    .         Spirit   .   (helmet restricted)
rElec    .         Reflect  .   I - scarf {repulsion}
rCorr    +         Harm     .   J - +1 pair of gloves {Dex+3}
MR       +++..                  (boots unavailable)
Stlth    ..........             H - amulet of the acrobat
HPRegen  0.28/turn              N - ring of protection from magic
MPRegen  0.19/turn              V - ring of resist corrosion

@: flying quickly and evasively, studying Fighting, repel missiles, quick
A: beak, talons 3, able to fly
a: Stop Flying, Receive Corpses, Torment, Renounce Religion


You were on level 14 of the Dungeon.
You worshipped Kikubaaqudgha.
Kikubaaqudgha was exalted by your worship.
You were very hungry.

You visited 4 branches of the dungeon, and saw 23 of its levels.
You also visited: Sewer, Ossuary, Bailey and Ice Cave.

You collected 2765 gold pieces.
You spent 609 gold pieces at shops.

Inventory:

Hand Weapons
 a - a +5 broad axe of pain (weapon)
 b - the +10 hand axe "Nedevov" {flame, +Rage Int+3}
   (You found it on level 12 of the Dungeon)

   It has been specially enchanted to burn those struck by it, causing extra
   injury to most foes and up to half again as much damage against particularly
   susceptible opponents.
   Big, fiery blades are also staple armaments of hydra-hunters.
   It affects your intelligence (+3).
   It lets you go berserk.
 D - a +0 broad axe
Missiles
 q - 48 boomerangs
 r - 6 throwing nets
 y - 15 javelins
 K - 46 poisoned darts (quivered)
Armour
 m - a +0 kite shield of fire resistance (worn)
 u - a +4 chain mail of magic resistance (worn)
 I - a scarf of repulsion (worn)
 J - a +1 pair of gloves of dexterity (worn)
Jewellery
 H - an amulet of the acrobat (around neck)
 N - a ring of protection from magic (left hand)
 S - an uncursed ring of see invisible
 V - a ring of resist corrosion (right hand)
Wands
 f - a wand of clouds (2)
 o - a wand of flame (64)
 M - a wand of iceblast (9)
 O - a wand of enslavement (8)
 U - a wand of polymorph (9)
 W - a wand of digging (2)
Scrolls
 d - 6 scrolls of remove curse
 e - a scroll of amnesia
 g - 3 scrolls of brand weapon
 i - 2 scrolls of magic mapping
 j - 6 scrolls of fog
 n - 2 scrolls of immolation
 s - 3 scrolls of fear
 t - 13 scrolls of teleportation
 v - a scroll of blinking
 G - 2 scrolls of summoning
 L - a scroll of vulnerability
 P - 3 scrolls of identify
Potions
 h - 7 potions of brilliance
 k - 6 potions of cancellation
 x - 9 potions of curing
 z - 8 potions of heal wounds
 A - 6 potions of lignification
 B - 5 potions of might
 C - 2 potions of haste
 E - 5 potions of magic
 F - 2 potions of ambrosia
 R - 4 potions of berserk rage
 Z - a potion of stabbing
Books
 w - a manual of Fighting
Miscellaneous
 p - a phial of floods
 T - a lightning rod (4/4)
 X - a tin of tremorstones (3/3)
Comestibles
 c - 23 rations
 l - 19 chunks of flesh


   Skills:
 + Level 15.1 Fighting
 + Level 11.9 Axes
 + Level 11.3 Armour
 - Level 11.5 Dodging
 - Level 2.0 Stealth
 * Level 9.2 Shields
 - Level 5.0 Spellcasting
 + Level 13.4 Necromancy
 + Level 4.7 Translocations
 - Level 4.0 Earth Magic
 + Level 9.3 Evocations


You had 6 spell levels left.
You knew the following spells:

 Your Spells              Type           Power        Failure   Level  Hunger
a - Pain                  Necr           ####         1%          1    None
b - Vampiric Draining     Necr           #####.....   4%          3    ###....
d - Dispel Undead         Necr           #####...     13%         4    ####...
e - Blink                 Tloc           N/A          56%         2    #......
v - Borgnjor's Vile Clut  Necr/Erth      ####......   95%         5    ######.
x - Animate Skeleton      Necr           N/A          1%          1    None
X - Animate Dead          Necr           N/A          13%         4    ####...

Your spell library contained the following spells:

 Spells                   Type           Power        Failure   Level  Hunger
 Sublimation of Blood     Necr           #####.....   1%          2    #......
 Agony                    Necr           #####...     36%         5    ######.
 Magic Dart               Conj           #...         97%         1    None
 Summon Butterflies       Summ           #.......     97%         1    None
 Call Imp                 Summ           #.......     99%         2    #......
 Slow                     Hex            #.......     99%         2    #......
 Call Canine Familiar     Summ           #.......     100%        3    ###....
 Conjure Flame            Conj/Fire      #.......     100%        3    ###....
 Mephitic Cloud           Conj/Pois/Air  #.......     100%        3    ###....
 Static Discharge         Conj/Air       #.......     100%        3    ###....
 Summon Ice Beast         Ice/Summ       #.......     100%        4    ####...
 Bolt of Magma            Conj/Fire/Erth #.........   100%        5    ######.
 Iskenderun's Battlesphe  Conj/Chrm      #.......     100%        5    ######.
 Lightning Bolt           Conj/Air       #.........   100%        5    ######.
 Summon Mana Viper        Hex/Summ       #.......     100%        5    ######.
 Iron Shot                Conj/Erth      ##........   100%        6    #######
 Simulacrum               Ice/Necr       ####......   100%        6    #######
 Orb of Destruction       Conj           #.........   100%        7    #######
 Spellforged Servitor     Conj/Summ      #.........   100%        7    #######
 Summon Hydra             Summ           #.........   100%        7    #######
 Ignition                 Fire           #.........   100%        8    #######
 Shatter                  Erth           ###.......   100%        9    #######
 Tornado                  Air            #.........   100%        9    #######


Dungeon Overview and Level Annotations

Branches:
Dungeon (14/15)            Temple (1/1) D:6            Lair (6/6) D:11
  Swamp (0/4) Lair:2       Spider (0/4) Lair:4        Slime (0/5) Lair:5
    Orc (2/2) D:9             Elf (0/3) Orc:2        Vaults (0/5) D:13
  Sewer (visited)         Ossuary (visited)          Bailey (visited)
  IceCv (visited)

Altars:
Ashenzari
Cheibriados
Dithmenos
Hepliaklqana
Kikubaaqudgha
Makhleb
Nemelex Xobeh
Okawaru
Qazlal
Sif Muna
Trog
Uskayaw
Vehumet
Wu Jian
Xom
Yredelemnul
Zin
Jiyva

Shops:
D:5 (   D:6 !   D:7 [   D:12 :   Orc:2 *(%[:

Annotations:
D:10 bb
D:12 exclusion: orange crystal statue
D:14 exclusion: orange crystal statue
Lair:4 3 runed translucent doors, exclusion: 2 oklob plants, Kyusiynim's ghost, journeyman GnEn


Innate Abilities, Weirdness & Mutations

You have a beak for a mouth.
You have claws for feet.
You can fly continuously.


Message History

Aim: a white ugly thing The white ugly thing is lightly wounded.
You feel life coursing into your body. The white ugly thing gores you.
The white ugly thing freezes you!!
* * * LOW HITPOINT WARNING * * *
You slash the white ugly thing!
The white ugly thing writhes in agony!
The white ugly thing is heavily wounded.
The white ugly thing gores you but does no damage.
You barely miss the white ugly thing. Your kick misses the white ugly thing.
The white ugly thing is heavily wounded.
You block the white ugly thing's attack.
You slash the white ugly thing!
The white ugly thing writhes in agony!
You claw the white ugly thing.
You peck the white ugly thing, but do no damage.
The white ugly thing is almost dead.
The white ugly thing gores you!
* * * LOW HITPOINT WARNING * * *
The white ugly thing freezes you!!
You die...
Kikubaaqudgha rasps: "You have failed me!
Welcome... death!"

#...#.#...≈#≈≈≈≈#≈≈≈.#
#...(.#...≈≈≈≈#≈≈≈≈..#
#.....#..≈≈≈#≈≈≈≈#≈.##
#.....#..≈#≈≈≈≈#≈≈≈÷#
#.....##.≈≈≈≈#≈≈≈≈..#
########'##.......≈≈≈≈#≈.##
..........#..........≈≈≈(#
..........#u##....##.....#
....uu?...#@# ...###...###
##..u######..........((#
#... ######.......# # ....
#.......# # ... #...###.# #
... #...# #.# # #...###.#
### ####.......# ..# .
...........#


You could see a white ugly thing.

Vanquished Creatures
  Kirke (Lair:5)
  An orc warlord (Orc:1)
  Josephine (Lair:4)
  Snorg (D:12)
  2 fire dragons (Lair:6)
  Fannar (D:10)
  A yaktaur captain (D:13)
  Harold (Lair:2)
  10 hydras
  3 centaur warriors
  7 death yaks (D:11)
  A tengu warrior (D:13)
  7 two-headed ogres
  2 orc high priests
  Nergalle (Lair:1)
  A fire crab (D:11)
  A lindwurm (Lair:6)
  4 orc knights
  2 deep elf magi
  2 orc sorcerers (Orc:1)
  3 manticores
  3 elephants (Lair:5)
  7 ugly things
  5 cyclopes
  5 black mambas
  3 centaur zombies
  2 ice statues (IceCv)
  5 torpor snails (Lair:6)
  15 spiny frogs
  8 ice devils (IceCv)
  11 rime drakes (Lair:6)
  A gargoyle (D:11)
  A freezing wraith (D:14)
  7 komodo dragons
  An efreet (D:14)
  2 yaktaurs (D:13)
  A kobold demonologist (D:14)
  A demonic crawler (Lair:1)
  7 hornets
  8 trolls
  5 tyrant leeches
  7 polar bears
  A dream sheep (Lair:2)
  22 blink frogs
  3 slime creatures (D:14)
  12 hippogriffs
  Sigmund (D:2)
  8 redbacks (D:13)
  6 wraiths
  A vampire (D:14)
  16 yaks
  A wyvern (D:14)
  2 hogs (Lair:5)
  10 steam dragons
  Eustachio (D:4)
  3 basilisks
  A hungry ghost (D:11)
  4 vampire mosquitoes (D:13)
  5 wargs
  Menkaure (D:5)
  2 swamp worms (Lair:1)
  Duvessa (D:4)
  9 porcupines
  10 water moccasins
  40 orc warriors
  4 ice beasts
  2 black bears
  3 phantoms
  4 sky beasts
  14 ogres
  15 centaurs
  15 crocodiles
  28 wolves
  A big kobold (D:14)
  23 bullfrogs
  A wyvern zombie (D:14)
  A water moccasin zombie (D:4)
  A wyvern skeleton (D:14)
  6 scorpions
  Dowan (D:4)
  19 killer bees
  23 wights
  A howler monkey (D:13)
  An electric eel (D:13)
  A lava snake (D:14)
  5 crimson imps
  2 bullfrog zombies
  11 orc priests
  2 quasits
  2 bullfrog skeletons
  2 centaur skeletons
  7 hounds
  5 jellies
  2 iguanas (D:6)
  21 orc wizards
  Natasha (thrice) (D:4)
  Terence (D:2)
  8 worker ants
  2 hound zombies (D:4)
  A hound skeleton (D:4)
  2 mummies
  Robin (D:4)
  2 howler monkey zombies (D:4)
  3 worker ant zombies (D:4)
  7 gnolls
  A howler monkey skeleton (D:4)
  22 adders
  4 river rats
  2 shadow imps
  21 white imps
  5 ufetubi (IceCv)
  6 oozes
  3 adder skeletons
  4 adder zombies
  9 worms
  6 leopard geckos
  95 orcs
  10 giant cockroaches
  16 goblins
  6 hobgoblins
  4 jackals (D:3)
  6 quokkas
  8 ball pythons (Sewer)
  5 bats
  11 frilled lizards
  A giant cockroach zombie (D:4)
  6 gnoll skeletons (Ossuary)
  2 jackal skeletons (D:4)
  5 kobolds
  8 kobold skeletons (Ossuary)
  2 leopard gecko zombies (D:4)
  11 orc skeletons (Ossuary)
  2 quokka zombies (D:4)
  32 rats
  5 fungi
  5 plants
894 creatures vanquished.

Vanquished Creatures (collateral kills)
  Rupert (Lair:3)
  An oklob plant (Lair:5)
  An elephant (Lair:5)
  A torpor snail (Lair:4)
  3 yaks (Lair:5)
  2 orc warriors (Bailey)
  An orc (Bailey)
  2 fungi (Lair:5)
12 creatures vanquished.

Vanquished Creatures (others)
  A reaper (IceCv)
  A human (Lair:5)
  A centaur (Bailey)
  5 ufetubi (IceCv)
  8 fungi
  22 plants
38 creatures vanquished.

Grand Total: 944 creatures vanquished

Notes
Turn   | Place    | Note
-------+----------+-------------------------------------------
     0 | D:1      | mopl the Tengu Necromancer began the quest for the Orb.
     0 | D:1      | Reached XP level 1. HP: 10/10 MP: 4/4
   429 | D:1      | Reached XP level 2. HP: 15/15 MP: 6/6
  1133 | D:2      | Reached XP level 3. HP: 8/19 MP: 8/8
  1239 | D:2      | Reached skill level 5 in Necromancy
  1255 | D:2      | Found a shadowy altar of Dithmenos.
  1536 | D:2      | Reached XP level 4. HP: 15/24 MP: 9/9
  1546 | D:2      | Learned a level 1 spell: Animate Skeleton
  1550 | D:2      | Learned a level 3 spell: Vampiric Draining
  1573 | D:2      | Noticed Terence
  1662 | D:2      | Killed Terence
  1804 | D:2      | Noticed Sigmund
  1808 | D:2      | Killed Sigmund
  1808 | D:2      | Reached skill level 1 in Fighting
  1808 | D:2      | Reached skill level 1 in Evocations
  1808 | D:2      | Gained mutation: You can fly continuously. [Tengu growth]
  1808 | D:2      | Reached XP level 5. HP: 30/30 MP: 10/10
  1808 | D:2      | Reached XP level 6. HP: 35/35 MP: 11/11
  2096 | D:3      | Found a basalt altar of Yredelemnul.
  2207 | D:3      | Reached skill level 2 in Fighting
  2965 | D:4      | Noticed Eustachio
  2977 | D:3      | Reached XP level 7. HP: 31/40 MP: 12/12
  3180 | D:4      | Killed Eustachio
  3180 | D:4      | Reached skill level 3 in Fighting
  3208 | D:4      | Noticed Robin
  3234 | D:4      | Killed Robin
  3270 | D:4      | Reached skill level 1 in Axes
  3296 | D:4      | Noticed Dowan
  3332 | D:4      | Killed Dowan
  3382 | D:4      | Reached XP level 8. HP: 17/46 MP: 13/13
  3618 | D:4      | Noticed Duvessa
  3618 | D:4      | Noticed Natasha
  4119 | D:4      | Killed Natasha
  4119 | D:4      | Reached skill level 5 in Dodging
  4132 | D:4      | Reached skill level 4 in Fighting
  4337 | D:4      | Found an ornate altar of the Wu Jian Council.
  4371 | D:4      | Noticed Natasha
  4379 | D:4      | Killed Natasha
  4438 | D:4      | Noticed Natasha
  4444 | D:4      | Killed Natasha
  4476 | D:4      | Killed Duvessa
  4521 | D:5      | Entered Level 5 of the Dungeon
  4659 | D:5      | Got a steaming spear
  4660 | D:5      | Identified the +5 spear of Ulej Gat {vorpal, rF+ rC- MR+
                  | Str+3} (You found it on level 5 of the Dungeon)
  4758 | D:5      | Reached skill level 5 in Fighting
  4901 | D:5      | Found a glowing drain.
  4905 | Sewer    | Entered a sewer
  5126 | Sewer    | Reached XP level 9. HP: 54/54 MP: 14/14
  5799 | D:5      | Reached skill level 5 in Evocations
  5896 | D:5      | Noticed Menkaure
  5901 | D:5      | Killed Menkaure
  5901 | D:5      | Reached skill level 6 in Fighting
  5915 | D:5      | Found Pakh's Antique Weapon Shoppe.
  6013 | D:6      | Reached skill level 1 in Armour
  6074 | D:6      | Found a snail-covered altar of Cheibriados.
  6211 | D:6      | Found Detzudghi's Distillery.
  6220 | D:6      | Bought a potion of magic for 88 gold pieces
  6220 | D:6      | Bought a potion of heal wounds for 55 gold pieces
  6220 | D:6      | Bought a potion of curing for 33 gold pieces
  6220 | D:6      | Bought a potion of curing for 33 gold pieces
  6220 | D:6      | Bought a potion of might for 44 gold pieces
  6220 | D:6      | Bought a potion of might for 44 gold pieces
  6525 | D:6      | Found a staircase to the Ecumenical Temple.
  6549 | Temple   | Entered the Ecumenical Temple
  6558 | Temple   | Became a worshipper of Kikubaaqudgha
  7229 | D:6      | Reached skill level 7 in Fighting
  7411 | D:6      | Reached skill level 5 in Axes
  7632 | D:7      | Found Fetwot's Antique Armour Boutique.
  7697 | D:7      | Reached * piety under Kikubaaqudgha
  7697 | D:7      | Identified Kikubaaqudgha's Grimoire of Dark Rites
                  | (Kikubaaqudgha gifted it to you on level 7 of the Dungeon)
  7697 | D:7      | Received a gift from Kikubaaqudgha
  7811 | D:7      | Reached XP level 10. HP: 38/63 MP: 15/15
  8286 | D:8      | Found a stormy altar of Qazlal.
  8444 | D:8      | Noticed a two-headed ogre
  8448 | D:8      | Killed a two-headed ogre
  8448 | D:8      | Reached skill level 8 in Fighting
  8460 | D:8      | Found a shimmering altar of Xom.
  8484 | D:8      | Found a sand-covered staircase.
  8495 | Ossuary  | Entered an ossuary
  8820 | Ossuary  | Reached ** piety under Kikubaaqudgha
  9426 | D:8      | Found a glowing silver altar of Zin.
  9990 | D:9      | Reached *** piety under Kikubaaqudgha
  9990 | D:9      | Identified Kikubaaqudgha's Papyrus of Necromancy
                  | (Kikubaaqudgha gifted it to you on level 9 of the Dungeon)
  9990 | D:9      | Received a gift from Kikubaaqudgha
  9990 | D:9      | Reached skill level 5 in Armour
  9995 | D:9      | Reached skill level 9 in Fighting
 10101 | D:9      | Found a staircase to the Orcish Mines.
 10162 | D:9      | Found a hide-covered altar of Uskayaw.
 10302 | D:9      | Paralysed by a hornet for 3 turns
 10303 | D:9      | Noticed a manticore
 10318 | D:9      | Killed a manticore
 10318 | D:9      | Reached XP level 11. HP: 27/71 MP: 1/16
 10800 | D:10     | Entered Level 10 of the Dungeon
 11602 | D:10     | Noticed a two-headed ogre
 11620 | D:10     | Killed a two-headed ogre
 11620 | D:10     | Reached skill level 10 in Necromancy
 11894 | D:10     | Reached skill level 10 in Fighting
 11933 | D:10     | Reached **** piety under Kikubaaqudgha
 12136 | D:10     | Noticed Fannar
 12415 | D:10     | Noticed an eight-headed hydra
 12659 | D:11     | Noticed a death yak
 12664 | D:11     | Noticed a death yak
 12692 | D:10     | Learned a level 4 spell: Animate Dead
 12695 | D:10     | Learned a level 2 spell: Blink
 12701 | D:10     | Learned a level 5 spell: Borgnjor's Vile Clutch
 12831 | D:11     | Noticed a five-headed hydra
 12836 | D:11     | Killed a five-headed hydra
 13259 | D:11     | Noticed an eight-headed hydra
 13264 | D:11     | Killed an eight-headed hydra
 13273 | D:11     | Noticed a cyclops
 13300 | D:11     | Killed a cyclops
 13300 | D:11     | Reached skill level 1 in Translocations
 13300 | D:11     | Reached skill level 1 in Earth Magic
 13504 | D:11     | Noticed a red ugly thing
 13504 | D:11     | Noticed a fire crab
 13518 | D:11     | Killed a fire crab
 13521 | D:11     | Killed a red ugly thing
 13614 | D:11     | Reached XP level 12. HP: 41/79 MP: 0/18
 13976 | D:11     | Noticed a death yak
 13981 | D:11     | Noticed a death yak
 14017 | D:11     | Killed a death yak
 14324 | D:11     | Noticed a death yak
 14324 | D:11     | Noticed a death yak
 14325 | D:11     | Noticed a death yak
 14345 | D:11     | Killed a death yak
 14347 | D:11     | Killed a death yak
 14347 | D:11     | Reached skill level 11 in Fighting
 14349 | D:11     | Killed a death yak
 14350 | D:11     | Killed a death yak
 14350 | D:11     | Killed a death yak
 14352 | D:11     | Killed a death yak
 14399 | D:11     | Found a staircase to the Lair.
 14653 | D:12     | Found a bloodstained altar of Trog.
 14654 | D:12     | Noticed Snorg
 15328 | D:12     | Found Jacufeom's Book Shop.
 15373 | D:12     | Got a twisted hand axe
 15374 | D:12     | Identified the +10 hand axe "Nedevov" {flame, +Rage Int+3}
                  | (You found it on level 12 of the Dungeon)
 15486 | Lair:1   | Entered Level 1 of the Lair of Beasts
 15885 | Lair:1   | Noticed Nergalle
 15887 | Lair:1   | Noticed an eight-headed hydra
 15960 | D:11     | Killed a four-headed hydra
 16117 | Lair:1   | Killed Nergalle
 16189 | Lair:1   | Reached skill level 10 in Dodging
 16195 | Lair:1   | Reached skill level 5 in Spellcasting
 16550 | Lair:2   | Noticed an eight-headed hydra
 16558 | Lair:1   | Killed a four-headed hydra
 16558 | Lair:1   | Reached XP level 13. HP: 61/85 MP: 21/21
 17172 | Lair:2   | Reached skill level 12 in Fighting
 17441 | Lair:2   | Found a staircase to the Swamp.
 17648 | Lair:2   | Reached ***** piety under Kikubaaqudgha
 17828 | Lair:2   | Noticed Harold
 17846 | Lair:2   | Killed Harold
 19023 | Lair:3   | Noticed Rupert
 19291 | Lair:3   | Killed Rupert
 19731 | Lair:4   | Found a hole to the Spider Nest.
 19805 | Lair:4   | Found a runed translucent gate.
 19805 | Lair:4   | Found a runed translucent gate.
 19805 | Lair:4   | Found a runed translucent gate.
 19828 | Lair:4   | Noticed Kyusiynim's ghost (journeyman GnEn)
 19829 | Lair:4   | Noticed a death ooze
 19830 | Lair:4   | Found a viscous altar of Jiyva.
 19972 | Lair:4   | Noticed Josephine
 19980 | Lair:4   | Killed Josephine
 19980 | Lair:4   | Reached skill level 10 in Axes
 19980 | Lair:4   | Reached XP level 14. HP: 82/92 MP: 22/22
 20532 | Lair:4   | Reached skill level 13 in Fighting
 20720 | Lair:5   | Found a staircase to the Slime Pits.
 20733 | Lair:5   | Noticed Kirke
 20748 | Lair:5   | Killed Kirke
 22352 | Lair:6   | Entered Level 6 of the Lair of Beasts
 22799 | Lair:6   | Reached skill level 10 in Armour
 23278 | Lair:6   | Identified a scroll of acquirement
 23539 | Lair:6   | Reached skill level 1 in Shields
 24141 | Lair:6   | Got a bloodstained plate armour
 24152 | Lair:6   | Identified the +5 plate armour of Indomitability {rF+++
                  | rN++ Dex-4} (You found it on level 6 of the Lair of Beasts)
 24240 | Lair:6   | Reached ****** piety under Kikubaaqudgha
 24247 | Lair:6   | Paralysed by a hornet for 3 turns
 24713 | Lair:6   | Found a runed translucent door.
 24800 | Lair:6   | Paralysed by a hornet for 3 turns
 25025 | Lair:6   | Reached skill level 14 in Fighting
 25143 | Lair:6   | Reached XP level 15. HP: 34/100 MP: 23/23
 25423 | Lair:6   | Identified a +1 broad axe of pain (a -1 broad axe bloodied
                  | by Kikubaaqudgha)
 25423 | Lair:6   | Received a gift from Kikubaaqudgha
 25796 | D:10     | Killed Fannar
 26123 | Orc:1    | Entered Level 1 of the Orcish Mines
 26175 | Orc:1    | Found a flagged portal.
 26190 | Bailey   | Entered a bailey
 26445 | Bailey   | Reached XP level 16. HP: 59/106 MP: 15/24
 26628 | Orc:1    | Found a frozen archway.
 26654 | IceCv    | Entered an ice cave
 27916 | IceCv    | Got dazzling ice dragon scales
 27928 | IceCv    | Identified the +3 ice dragon scales "Ogiug" {+Fly rF- rC++
                  | rN+ MR-} (You found it in an ice cave)
 27932 | IceCv    | Got a fine hand crossbow
 27997 | IceCv    | Identified the +5 hand crossbow of Imminent Death {flame,
                  | +Blink rC- Str+4 Stlth+} (You found it in an ice cave)
 28301 | Orc:2    | Entered Level 2 of the Orcish Mines
 28301 | Orc:2    | Found Yvomnol's Food Shoppe.
 28423 | Orc:2    | Found a staircase to the Elven Halls.
 28423 | Orc:2    | Found Kapyman's Book Shoppe.
 29786 | Orc:2    | Found Obugehij's Antique Weapon Emporium.
 30012 | Orc:2    | Found Hoir's General Store.
 30299 | Orc:2    | Bought a potion of heal wounds for 65 gold pieces
 30374 | Orc:2    | Learned a level 4 spell: Dispel Undead
 30413 | Orc:2    | Found Alotougurch's Antique Armour Shoppe.
 30429 | Orc:2    | Bought a pair of embroidered gloves for 247 gold pieces
 30740 | D:12     | Found a runed translucent door.
 30749 | D:12     | Found a runed translucent door.
 30882 | D:12     | Killed Snorg
 31106 | D:12     | Found a runed translucent door.
 31113 | D:12     | Found a runed translucent door.
 31194 | D:12     | Got a heavily runed helmet
 31582 | D:13     | Found a gate to the Vaults.
 33493 | D:14     | Reached skill level 15 in Fighting
 33495 | D:14     | Reached XP level 17. HP: 96/113 MP: 10/25
 33657 | D:14     | Mangled by a white ugly thing

Illustrated notes

Levels and vault maps discovered:
D:1:      lightli_arrival_noodles, layout_basic, serial_curves, eino_curves_04,
          eino_curves_03
D:2:      layout_basic, lemuel_crystal_altar, nicolae_overflow_hidden_temple,
          uniq_sigmund, uniq_terence
D:3:      layout_loops_corners, overflow_temple_1_default
D:4:      layout_cave_pools, lemuel_coloured_pillars_altar, serial_undead,
          serial_undead_f, serial_undead_a, serial_undead_e, serial_undead_d,
          serial_undead_f, serial_undead_a, serial_undead_f, serial_undead_d,
          first_ration, kennysheep_nondescript, minmay_manual_mail, uniq_robin,
          uniq_eustachio, uniq_natasha, uniq_duvessa
D:5:      layout_gridville, serial_shops, nicolae_shop_window_shopping,
          gup_sewer_entry_spiral, minmay_misc_feat_rows, uniq_menkaure
D:6:      layout_basic, slow_altar_1, minmay_temple_entry_junction,
          serial_shops, shop, minivault_25
D:7:      layout_cave_pools, serial_shops, nicolae_shop_statue_plus,
          chequers_serial_rivers_micro_d
D:8:      wander_river, layout_basic, zin_scriptorium, grunt_qazlal_sundering,
          xom_teletrap_fun, nicolae_ossuary_entry_ruins,
          hangedman_little_slice_of_home
D:9:      layout_rooms, lemuel_round_altar, hiddenorc1_lemuel
D:10:     layout_roguey, uniq_fannar
D:11:     layout_gridville, dpeg_lair_monsters, minmay_bent
D:12:     layout_roguey, basic_altar, serial_shops, shop, serial_bayou_pond_c,
          minmay_statue_crystal_thing, uniq_snorg
D:13:     layout_basic, david_vaults_2, drop_trap
D:14:     layout_stronghold, minmay_misc_feat_enclosed, nicolae_lava_and_water,
          minmay_statue_bubble
Temple:   cyrus_circular_temple
Lair:1:   layout_misc_corridors, worms_lemuel, uniq_nergalle
Lair:2:   beast_lair_carwin_large_3, layout_cave_pods, minmay_swamp_entry_worms,
          minmay_shattered_shrine, uniq_harold
Lair:3:   layout_small_grid, serial_bayou_pond_e, uniq_rupert
Lair:4:   layout_roguey, nicolae_spider_entry_non_spiders, gammafunk_ghost_ooze,
          minmay_lair_oklob_chamber, uniq_josephine
Lair:5:   layout_small_grid, minmay_slime_entry_oklob_open, minivault_25,
          chequers_serial_rivers_small_3, cheibrodos_lair_lostbears,
          serial_bayou_shore_a, grunt_megastairs_1, uniq_kirke
Lair:6:   wormcave, layout_long_grid, bobbens_dragon_lair_wall
Orc:1:    layout_diamond_mine, enter_bailey_2, portal_ice_cave_entry_imps
Orc:2:    grunt_orc_gardens, layout_diamond_mine, grunt_orc_garden,
          grunt_orc_garden, grunt_orc_garden, grunt_orc_garden, serial_shops,
          shop_coins

Skill      XL: |  1  2  3  4  5  6  7  8  9 10 11 12 13 14 15 16 |
---------------+-------------------------------------------------+-----
Necromancy     | 5 6 7 8 9 10 11 12 13 | 13.4
Spellcasting   | 3 5 |  5.0
Fighting       | 1 2 3 5 7 9 10 11 12 14 15 | 15.1
Dodging        | 3 4 5 6 8 9 10 11 | 11.5
Evocations     | 1 2 3 4 5 6 8 9 |  9.3
Axes           | 1 3 5 6 8 9 10 11 | 11.9
Armour         | 3 5 7 8 9 10 11 | 11.3
Translocations | 1 3 4 |  4.7
Earth Magic    | 1 3 4 |  4.0
Shields        | 3 7 9 |  9.2
Stealth        | |  2.0

Action                   |  1- 3 |  4- 6 |  7- 9 | 10-12 | 13-15 | 16-18 || total
-------------------------+-------+-------+-------+-------+-------+-------++-------
Melee: Dagger            |    23 |       |       |    78 |       |       ||   101
       Short sword       |    41 |    83 |   561 |   476 |       |       ||  1161
       Kick              |    10 |    18 |   126 |   200 |   225 |   212 ||   791
       Peck              |     8 |    10 |    87 |   133 |   180 |   110 ||   528
       Spear             |       |       |     5 |    20 |       |       ||    25
       Broad axe         |       |       |       |    90 |    90 |   493 ||   673
       Hand axe          |       |       |       |    69 |   763 |   103 ||   935
Throw: Boomerang         |       |       |       |     1 |       |       ||     1
       Dart              |       |       |       |    11 |    22 |       ||    33
 Cast: Pain              |     9 |       |     1 |     3 |       |       ||    13
       Vampiric Draining |       |       |       |    59 |    43 |    45 ||   147
       Animate Dead      |       |       |       |       |     7 |       ||     7
       Animate Skeleton  |       |       |       |       |     2 |       ||     2
Invok: Receive Corpses   |       |       |       |       |     3 |       ||     3
       Brand Weapon With |       |       |       |       |     1 |       ||     1
 Abil: Fly               |       |     1 |       |       |       |       ||     1
       Evoke Berserk Rag |       |       |       |     2 |    13 |       ||    15
Evoke: Wand              |       |       |       |    28 |     6 |       ||    34
       Phial of floods   |       |       |       |       |       |     1 ||     1
  Use: Potion            |     5 |       |     2 |     3 |     1 |     2 ||    13
       Scroll            |       |       |    14 |    10 |    14 |     4 ||    42
 Stab: Sleeping          |     5 |       |       |       |       |       ||     5
       Invisible         |       |       |     1 |       |       |       ||     1
       Distracted        |       |       |       |       |     1 |       ||     1
  Eat: Chunk             |     2 |     4 |    16 |    24 |    40 |    22 ||   108
       Ration            |       |       |       |     4 |     2 |     1 ||     7
Armor: Robe              |    17 |     1 |       |       |       |       ||    18
       Chain mail        |       |    23 |   474 |   547 |   345 |   192 ||  1581
       Ring mail         |       |    18 |       |       |       |       ||    18
       Scale mail        |       |       |       |       |    23 |    12 ||    35
Dodge: Dodged            |    47 |    41 |   306 |   616 |   531 |   364 ||  1905
       Repelled          |       |       |     5 |     4 |    13 |    26 ||    48
Block: Kite shield       |       |       |       |       |   105 |   352 ||   457
